 Dungeon Crawl Stone Soup version 0.29.1-4-g47bece8355 (webtiles) character file.

Game seed: 8900615224267191424

111 Jack47 the Trooper (level 4, 0/41 HPs)
             Began as a Minotaur Fighter on Nov 17, 2022.
             Slain by Sigmund
             ... wielding a +0 scythe
              (1 damage)
             ... on level 3 of the Dungeon on Dec 3, 2022.
             The game lasted 00:09:11 (2764 turns).

Jack47 the Trooper (Minotaur Fighter)               Turns: 2764, Time: 00:09:12

Health: 0/41       AC: 11    Str: 22    XL:     4   Next: 62%
Magic:  3/3        EV:  6    Int:  5    God:
Gold:   151        SH:  4    Dex: 10    Spells: 3/3 levels left

rFire   . . .      SeeInvis .   a - +0 war axe
rCold   . . .      Faith    .   c - +0 buckler
rNeg    . . .      Spirit   .   n - +0 plate armour
rPois   .          Reflect  .   (helmet restricted)
rElec   .          Harm     .   (no cloak)
rCorr   .          Rampage  .   (no gloves)
Will    .....                   (no boots)
Stlth   ..........              (no amulet)
HPRegen 0.13/turn               (no ring)
MPRegen 0.08/turn               (no ring)

@: no status effects
A: horns 2, retaliatory headbutt
a: no special abilities


You were on level 3 of the Dungeon.
You visited 1 branch of the dungeon, and saw 3 of its levels.

You collected 151 gold pieces.

Inventory:

Hand Weapons
 a - a +0 war axe (weapon)
Missiles
 l - 4 poisoned darts (quivered)
Armour
 b - a +0 scale mail
 c - a +0 buckler (worn)
 n - a +0 plate armour (worn)
Magical Staves
 k - a staff of poison
Wands
 o - a wand of flame (24)
 q - a wand of mindburst (20)
Scrolls
 f - a scroll of noise {unknown}
 i - 5 scrolls of teleportation
 m - a scroll of immolation
 r - 3 scrolls of amnesia
 s - a scroll of enchant weapon {unknown}
Potions
 d - 2 potions of might
 g - a potion of lignification {unknown}
 h - 6 potions of brilliance
 j - a potion of haste {unknown}
 p - a potion of curing
 t - a potion of attraction {unknown}


   Skills:
 + Level 4.5 Fighting
 + Level 3.2 Axes
 + Level 4.2 Armour
 + Level 0.1 Dodging
 * Level 1.8 Stealth
 + Level 4.1 Shields


You had 3 spell levels left.
You didn't know any spells.
Your spell library contained the following spells:

 Spells                   Type           Power      Damage    Failure   Level
 Foxfire                  Conj/Fire      0%         2x1d4     100%        1
 Conjure Flame            Conj/Fire      0%         6-21      100%        3
 Gell's Gravitas          Tloc           0%         N/A       100%        3
 Inner Flame              Hex/Fire       0%         N/A       100%        3
 Teleport Other           Tloc           0%         N/A       100%        3
 Flame Wave               Conj/Fire      0%         2d4       100%        4
 Dispersal                Tloc           0%         N/A       100%        6


Dungeon Overview and Level Annotations

Branches:
Dungeon (3/15)

Altars:
Cheibriados
Qazlal

Annotations:
D:3 Sigmund


Innate Abilities, Weirdness & Mutations

You have a pair of horns on your head.
You reflexively headbutt those who attack you in melee.


Message History

You are more confused.
Sigmund hits you but does no damage.
You miss Sigmund.
You bump into the rock wall.
Sigmund hits you with a +0 scythe.
You bump into the rock wall.
Sigmund hits you with a +0 scythe!
You bump into the rock wall.
You bump into the rock wall.
Sigmund barely misses you.
Unknown command.
You bump into the rock wall.
Sigmund gestures wildly while chanting.
Sigmund flickers and vanishes!
You bump into the rock wall.
You feel less confused. Something hits you.
You barely miss something. Something hits you but does no damage.
You hit something. You headbutt something!
You hear some strange, mumbled words.
A puff of flame appears from out of thin air!
The puff of flame misses you.
You barely miss something.
You hear some strange, mumbled words.
You are confused.
You completely miss something. Your headbutt misses something.
Something hits you but does no damage.
You bump into the rock wall.
Something hits you but does no damage.
You completely miss something. Something hits you!
* * * LOW HITPOINT WARNING * * *
You bump into the rock wall.
You bump into the rock wall.
You hear some strange, mumbled words.
A magic dart appears from out of thin air!
The magic dart hits you.
* * * LOW HITPOINT WARNING * * *
You are too confused!
You're too confused to move!
You feel less confused. Something hits you.
* * * LOW HITPOINT WARNING * * *
Something hits you.
You die...

#.... #.##### ###.#......
#.... #.....# ##.##.#'##
#....######.# ..........
........##.# ####......
........##.# .......<..
........##.# ###.......
........##.# #.......
#.......##.######.#.###.##
##.{@........#.###.##
#..###########.......
#....# ######## .........
.... .......... ....
.~~~~~~.~.~ ~~.:
~≈~~~~~~~~~≈ ~~≈~
≈≈≈≈≈≈≈≈≈≈≈≈≈ ≈≈≈~
####≈≈≈≈≈≈≈≈≈≈ ≈≈≈~


There were no monsters in sight!

Vanquished Creatures
  2 adders (D:2)
  2 worms
  5 dart slugs
  3 orcs (D:3)
  3 ball pythons (D:1)
  8 endoplasms
  A giant cockroach (D:1)
  4 goblins
  4 hobgoblins
  4 jackals (D:1)
  14 kobolds
  4 quokkas
  5 bats
  A frilled lizard (D:2)
  8 rats
68 creatures vanquished.

Notes
Turn   | Place    | Note
-------+----------+-------------------------------------------
     0 | D:1      | Jack47 the Minotaur Fighter began the quest for the Orb.
     0 | D:1      | Reached XP level 1. HP: 19/19 MP: 0/0
   293 | D:1      | Reached XP level 2. HP: 27/27 MP: 1/1
   521 | D:1      | Found a faded altar of an unknown god.
   770 | D:1      | Reached XP level 3. HP: 33/33 MP: 2/2
   937 | D:2      | Reached skill level 1 in Stealth
   990 | D:2      | Upgraded the game from 0.29.1-2-gbd0b4ee654 to
                  | 0.29.1-4-g47bece8355
  1266 | D:2      | Reached XP level 4. HP: 41/41 MP: 3/3
  2201 | D:3      | Found a snail-covered altar of Cheibriados.
  2280 | D:3      | Noticed Sigmund
  2608 | D:3      | Found a stormy altar of Qazlal.
  2763 | D:3      | HP: 1/41 [something (5)]
  2764 | D:3      | Slain by Sigmund

Illustrated notes

Levels and vault maps discovered:
D:1:      elethiomel_arrival_shortcut, layout_loops_corners,
          chequers_ecumenical_altar_simple, minmay_octomino_e4
D:2:      layout_basic, minmay_3d_cube
D:3:      minmay_goblin_kobold_castle, layout_basic, old_standard_altar,
          mainiacjoe_overflow_concentric_impassable, uniq_sigmund

Skill      XL: |  1  2  3 |
---------------+----------+-----
Fighting       | 4 |  4.5
Shields        | 4 |  4.1
Armour         | 4 |  4.2
Stealth        | 1 |  1.8
Axes           | 3 |  3.2
Dodging        | |  0.1

Action                   |  1- 3 |  4- 6 || total
-------------------------+-------+-------++-------
Melee: War axe           |    80 |    63 ||   143
       Headbutt          |    16 |    11 ||    27
  Use: Scroll            |       |     6 ||     6
Armor: Scale mail        |    53 |       ||    53
       Plate armour      |     2 |    37 ||    39
Dodge: Dodged            |    45 |    19 ||    64
Block: Buckler           |    29 |     8 ||    37
